 Dungeon Crawl Stone Soup version 0.15-a0-2123-gb18dd36 (webtiles) character file.

4487 CrazyArbalest the Quickloader (level 10, -2/72 HPs)
             Began as a Demonspawn Hunter on July 16, 2014.
             Was an Elder of Makhleb.
             Slain by a three-headed hydra (3 damage)
             ... on Level 8 of the Dungeon.
             The game lasted 01:02:25 (9481 turns).

CrazyArbalest the Quickloader (Demonspawn Hunter)   Turns: 9481, Time: 01:02:26

HP  -2/72        AC 12     Str 21      XL: 10   Next: 16%
MP  11/11        EV 20     Int 13      God: Makhleb [****..]
Gold 419         SH  0     Dex 20      Spells:  0 memorised,  9 levels left

rFire  + . .     SeeInvis +     b - +1 hand crossbow
rCold  . . .     Clarity  .     A - +1 leather armour {rF+}
rNeg   + . .     rCorr    .     (no shield)
rPois  .         rRot     +     B - +0 helmet
rElec  .         Spirit   .     o - +0 cloak
SustAb .         Warding  +     j - +0 pair of gloves
rMut   .         Stasis   .     I - +0 pair of boots
Gourm  .                        x - amulet of warding
MR     .....                    C - ring of see invisible
                                L - +2 ring of strength

@: mighty, agile, not resistant to hostile enchantments, fairly stealthy
A: talons 2, icy blue scales 2, powered by pain 1, rot immunity
a: Minor Destruction, Lesser Servant of Makhleb, Major Destruction, Renounce
Religion


You were on level 8 of the Dungeon.
You worshipped Makhleb.
Makhleb was greatly pleased with you.
You were not hungry.

You visited 2 branches of the dungeon, and saw 9 of its levels.

You collected 419 gold pieces.

Inventory:

Hand weapons
 a - a +0 morningstar
 b - a +1 hand crossbow (weapon)
 T - a +3 flail
Missiles
 c - 9 bolts (quivered)
Armour
 j - a +0 pair of gloves (worn)
 o - a +0 cloak (worn)
 A - a +1 leather armour of fire resistance (worn)
 B - a +0 helmet (worn)
 F - a +0 helmet
 I - a +0 pair of boots (worn)
 U - a +0 ring mail
Magical devices
 R - a wand of flame (5)
Comestibles
 f - 11 bread rations
 n - 18 fruits
 t - 5 beef jerkies
 E - 2 meat rations
 S - 7 slices of pizza
Scrolls
 g - 2 scrolls of magic mapping {unknown}
 i - 4 scrolls of amnesia {unknown}
 l - 2 scrolls of identify
 m - 5 scrolls of teleportation
 r - 2 scrolls of noise {unknown}
 w - 2 scrolls of enchant armour {unknown}
 y - 5 scrolls of remove curse
 z - a scroll of immolation {unknown}
 G - 3 scrolls of fog {unknown}
 N - a scroll of recharging {unknown}
 O - a scroll of fear {unknown}
Jewellery
 v - an uncursed ring of protection from fire
 x - an amulet of warding (around neck)
 C - a ring of see invisible (right hand)
 K - an uncursed ring of invisibility
 L - a +2 ring of strength (left hand)
Potions
 d - 4 potions of curing
 e - a potion of might {unknown}
 k - a potion of confusion {unknown}
 p - 2 potions of lignification
 q - 2 potions of restore abilities
 s - 4 potions of mutation
 u - 2 potions of poison
 D - a potion of agility {unknown}
 J - 2 potions of berserk rage {unknown}
Books
 h - a book of Air

   Spells                             Type                      Level
   Shock                              Conjuration/Air              1
   Swiftness                          Charms/Air                   2
   Repel Missiles                     Charms/Air                   2
   Flight                             Charms/Air                   3
   Static Discharge                   Conjuration/Air              3
   Lightning Bolt                     Conjuration/Air              5
 H - a book of Enchantments

   Spells                             Type                      Level
   Tukima's Dance                     Hexes                        3
   Cause Fear                         Hexes                        4
   Silence                            Hexes/Air                    5
   Deflect Missiles                   Charms/Air                   6
   Haste                              Charms                       6
   Discord                            Hexes                        8


   Skills:
 + Level 4.2 Fighting
 + Level 5.0 Maces & Flails
 * Level 10.0 Crossbows
 + Level 4.6 Armour
 + Level 5.8 Dodging
 + Level 1.1 Stealth
 + Level 1.0 Evocations


You had 9 spell levels left.
You didn't know any spells.

Dungeon Overview and Level Annotations

Branches:
Dungeon (8/15)             Temple (1/1) D:4
   Lair: D:8-11

Altars:
Ashenzari
Cheibriados
Dithmenos
Elyvilon
Fedhas
Gozag
Kikubaaqudgha
Makhleb
Nemelex Xobeh
Okawaru
Qazlal
Sif Muna
Trog
Vehumet
Xom
Yredelemnul
Zin
The Shining One
Jiyva

Annotations:
D:7 Joseph


Innate Abilities, Weirdness & Mutations

You have razor-sharp toenails.
You are mostly covered in icy blue scales (AC +3, EV -1).
You sometimes gain a little power by taking damage.
You are immune to rotting.


Message History

Firing (i - inventory):
c - 11 bolts (quivered)
Press: ? - help, Shift-Dir - straight line, f/p - three-headed hydra
Aim: a three-headed hydra (almost dead)
You shoot a bolt. The bolt hits the three-headed hydra.
The three-headed hydra is almost dead.
The three-headed hydra closely misses you.
The three-headed hydra bites you!
* * * LOW HITPOINT WARNING * * *
The three-headed hydra closely misses you.
Drink which item? (? for menu, Esc to quit)
Okay, then.
Unknown command.
Firing (i - inventory):
c - 10 bolts (quivered)
Press: ? - help, Shift-Dir - straight line, f/p - three-headed hydra
Aim: a three-headed hydra (almost dead)
You shoot a bolt. The bolt hits the three-headed hydra.
The three-headed hydra is almost dead.
The three-headed hydra closely misses you.
The three-headed hydra bites you.
You die...

#....................#....#....#.
#....................(....#....#.
##'##................#....#....#.
....+................###.####.###
....#....#+######+#....#.####.###
....#....#.....+..+....'....#....
....#....#.....#..#....#....+....
....#....+.....#.>#....#....#....
##.##....#.##.##@##....#..###.###
##.#....##.##.##D#....##..###.###
...#....#........#....'........#.
...#....#.......(#....#........'.
...'....#.......(#....#....)...#.
...#....#..####(#####.#........#.
...#....+..#.≈.≈.≈PP#.#........#.
##+#....#..#...(..≈P#.#..###.###+
.....#+##..#..P(.P≈≈#.#..###.###.


You could see a three-headed hydra.

Vanquished Creatures
  The ghost of Turgon the Sneak, an experienced OpWz of Kikubaaqudgha (D:5)
  7 yaks
  A hippogriff (D:7)
  Edmund (D:6)
  Menkaure (D:4)
  An ice beast (D:8)
  2 orc warriors (D:6)
  2 phantoms
  3 centaurs
  3 big kobolds (D:8)
  A crocodile (D:8)
  3 giant frogs
  Blork the orc (D:4)
  3 jellies
  A scorpion (D:6)
  A yak skeleton (D:8)
  5 crimson imps
  7 wights
  3 goliath beetles (D:6)
  3 hounds
  A giant frog skeleton (D:4)
  4 orc priests
  2 orc wizards
  3 worker ants
  A killer bee zombie (D:7)
  2 sheep (D:8)
  A big kobold zombie (D:6)
  Ijyb (D:2)
  12 adders
  2 giant mites
  3 worms
  6 giant geckos
  An ooze (D:2)
  22 orcs
  10 bats
  A bat skeleton (D:4)
  9 giant cockroaches
  18 hobgoblins
  18 jackals
  14 kobolds
  3 quokkas
  2 ball pythons
  A giant gecko skeleton (D:7)
  7 giant newts
  11 goblins
  A hobgoblin zombie (D:6)
  A jackal skeleton (D:6)
  9 rats
216 creatures vanquished.

Notes
Turn   | Place    | Note
--------------------------------------------------------------
     0 | D:1      | CrazyArbalest, the Demonspawn Hunter, began the quest for the Orb.
     0 | D:1      | Reached XP level 1. HP: 15/15 MP: 1/1
    81 | D:1      | Reached skill level 4 in Crossbows
   123 | D:1      | Gained mutation: You are immune to rotting. [demonic ancestry]
   123 | D:1      | Reached XP level 2. HP: 21/21 MP: 2/2
   535 | D:2      | Gained mutation: You have sharp toenails. [demonic ancestry]
   535 | D:2      | Reached XP level 3. HP: 23/26 MP: 3/3
  1017 | D:2      | Reached XP level 4. HP: 13/32 MP: 4/4
  1309 | D:2      | Found a radiant altar of Vehumet.
  1483 | D:2      | Noticed Ijyb
  1520 | D:2      | Killed Ijyb
  1520 | D:2      | Reached skill level 5 in Crossbows
  1595 | D:2      | Reached skill level 1 in Armour
  1748 | D:2      | Found a burning altar of Makhleb.
  1770 | D:2      | Found a glowing silver altar of Zin.
  1773 | D:2      | Found a blossoming altar of Fedhas.
  1964 | D:2      | Became a worshipper of Makhleb the Destroyer
  2055 | D:3      | Reached XP level 5. HP: 23/37 MP: 5/5
  2559 | D:3      | Acquired Makhleb's first power
  2889 | D:3      | Found a shimmering altar of Xom.
  3049 | D:4      | Reached skill level 1 in Maces & Flails
  3082 | D:4      | Gained mutation: You are partially covered in icy blue scales (AC +1). [demonic ancestry]
  3082 | D:4      | Reached XP level 6. HP: 40/44 MP: 6/6
  3154 | D:4      | Noticed Blork the orc
  3165 | D:4      | Killed Blork the orc
  3176 | D:4      | Noticed Menkaure
  3235 | D:4      | Noticed a phantom
  3254 | D:4      | Killed a phantom
  3256 | D:4      | Acquired Makhleb's second power
  3412 | D:4      | Found a staircase to the Ecumenical Temple.
  3418 | Temple   | Entered the Ecumenical Temple
  3579 | D:4      | Killed Menkaure
  3579 | D:4      | Gained mutation: You are mostly covered in icy blue scales (AC +3, EV -1). [demonic ancestry]
  3579 | D:4      | Reached XP level 7. HP: 34/51 MP: 7/7
  3611 | D:4      | Found a bloodstained altar of Trog.
  3735 | D:4      | Found an ancient bone altar of Kikubaaqudgha.
  3840 | D:5      | Entered Level 5 of the Dungeon
  3873 | D:5      | Noticed Turgon's ghost (experienced OpWz)
  3929 | D:4      | Reached skill level 6 in Crossbows
  4237 | D:5      | Killed Turgon's ghost
  4364 | D:5      | Reached skill level 7 in Crossbows
  4364 | D:5      | Gained mutation: You sometimes gain a little power by taking damage. [demonic ancestry]
  4364 | D:5      | Reached XP level 8. HP: 48/57 MP: 8/8
  5073 | D:6      | Reached skill level 1 in Stealth
  5138 | D:6      | HP: 2/58 [orc warrior/long sword (8)]
  5453 | D:6      | Noticed Edmund
  5469 | D:6      | Acquired Makhleb's third power
  5486 | D:6      | Killed Edmund
  5491 | D:6      | Reached skill level 8 in Crossbows
  5576 | D:6      | HP: 2/58 [yak (6)]
  5583 | D:6      | HP: 2/58 [yak (10)]
  5592 | D:6      | Gained mutation: You have razor-sharp toenails. [demonic ancestry]
  5592 | D:6      | Reached XP level 9. HP: 30/64 MP: 9/9
  5605 | D:6      | Reached skill level 5 in Dodging
  6014 | D:6      | Reached skill level 9 in Crossbows
  6785 | D:7      | Acquired Makhleb's fourth power
  7595 | D:7      | Noticed Joseph
  8436 | D:7      | Found an opulent altar of Gozag.
  8436 | D:7      | Found a shattered altar of Ashenzari.
  8448 | D:8      | Found an opulent altar of Gozag.
  8525 | D:8      | Found a shimmering altar of Xom.
  8817 | D:8      | Reached XP level 10. HP: 60/71 MP: 10/10
  8834 | D:8      | Reached skill level 5 in Maces & Flails
  8868 | D:8      | Noticed a three-headed hydra
  9042 | D:8      | Reached skill level 10 in Crossbows
  9046 | D:8      | Reached skill level 1 in Evocations
  9480 | D:8      | HP: 1/72 [three-headed hydra (10)]
  9481 | D:8      | Slain by a three-headed hydra

Action                   |  1- 3 |  4- 6 |  7- 9 | 10-12 || total
-------------------------+-------+-------+-------+-------++-------
Melee: Mace              |    50 |   200 |       |       ||   250
       Morningstar       |       |    43 |   330 |    46 ||   419
       Flail             |       |       |       |     5 ||     5
 Fire: Hand crossbow     |    52 |    43 |   198 |    20 ||   313
Evoke: Wand              |       |       |     5 |       ||     5
  Use: Scroll            |       |       |     5 |     4 ||     9
       Potion            |       |       |     4 |     1 ||     5
  Eat: Chunk             |       |     9 |    13 |     2 ||    24
       Fruit             |       |       |     2 |     1 ||     3
       Pizza             |       |       |     1 |       ||     1
